General information
- name: BNet
- type: Ladder team game (AT/RT)
- host: Battle.net
- saver: HelloHello
map: Cherryville
- players: 8
- length: 96:51
- speed: Fast
- version: 1.26 W3XP
- replay type: Public
» download(324 KB)
Players
team 1 (loser)
rpdlxm (
blue | 47 APM | 1451 actions | 30:58)
7 Paladin
3 Holy Light
1 Devotion Aura
2 Divine Shield
1 Resurrection
» actions
| Assign group hotkey | 20 | |
| Basic commands | 95 | |
| Build / train | 71 | |
| ESC pressed | 2 | |
| Enter build submenu | 34 | |
| Enter hero's abilities submenu | 7 | |
| Remove unit from queue | 3 | |
| Right click | 275 | |
| Select / deselect | 345 | |
| Select group hotkey | 509 | |
| Use ability | 90 | |
1451 total
» units
| Peasant | 21 | |
| Footman | 5 | |
| Mortar Team | 4 | |
| Flying Machine | 4 | |
34 total
» upgrades
| Defend | 1 | |
| Masonry | 3 | |
| Lumber Harvesting | 2 | |
| Flare | 1 | |
| Swords | 1 | |
| Plating | 1 | |
| Gunpowder | 1 | |
| Armor | 1 | |
| Flak Cannons | 1 | |
| Fragmentation Shards | 1 | |
13 total
» buildings
| Barracks | 1 | |
| Farm | 12 | |
| Altar of Kings | 1 | |
| Scout Tower | 9 | |
| Arcane Tower | 1 | |
| Lumber Mill | 2 | |
| Town Hall | 1 | |
| Guard Tower | 4 | |
| Keep | 1 | |
| Arcane Vault | 1 | |
| Blacksmith | 2 | |
| Castle | 1 | |
| Workshop | 4 | |
40 total
» build order
00:13 Barracks
00:44 Farm
01:00 Altar of Kings
01:12 Farm
02:01 Farm
02:38 Farm
02:52 Scout Tower
03:23 Arcane Tower
03:39 Lumber Mill
04:02 Lumber Mill
04:28 Town Hall
04:32 Scout Tower
04:35 Scout Tower
04:39 Scout Tower
05:10 Guard Tower
06:00 Keep
07:38 Arcane Vault
08:03 Blacksmith
08:12 Blacksmith
09:30 Castle
09:38 Workshop
09:46 Workshop
09:52 Workshop
10:13 Workshop
10:27 Farm
10:29 Farm
10:36 Farm
10:38 Farm
10:45 Farm
11:13 Farm
12:28 Scout Tower
12:31 Scout Tower
12:41 Scout Tower
12:49 Scout Tower
12:56 Scout Tower
13:11 Guard Tower
13:32 Guard Tower
13:55 Guard Tower
14:01 Farm
14:03 Farm
» items
| Scroll of Regeneration | 2 | |
| Potion of Healing | 1 | |
| Potion of Mana | 1 | |
| Scroll of Town Portal | 2 | |
6 total

»
kittykittykitty (
purple | 32 APM | 819 actions | 25:55)
5 Far Seer
2 Feral Spirit
3 Chain Lighting
» actions
| Assign group hotkey | 21 | |
| Basic commands | 1 | |
| Build / train | 48 | |
| Enter build submenu | 19 | |
| Enter hero's abilities submenu | 5 | |
| Right click | 230 | |
| Select / deselect | 316 | |
| Select group hotkey | 135 | |
| Use ability | 44 | |
819 total
» units
| Peon | 14 | |
| Grunt | 2 | |
| Shaman | 7 | |
| Tauren | 9 | |
32 total
» upgrades
| Melee Weapons | 2 | |
| Armor | 2 | |
| Berserker Strength | 1 | |
| Shaman Training | 2 | |
| Pulverize | 1 | |
8 total
» buildings
| Altar of Storms | 1 | |
| Orc Burrow | 7 | |
| Barracks | 1 | |
| Stronghold | 1 | |
| War Mill | 1 | |
| Voodoo Lounge | 1 | |
| Fortress | 1 | |
| Spirit Lodge | 1 | |
| Tauren Totem | 2 | |
| Great Hall | 2 | |
18 total
» build order
00:22 Altar of Storms
00:25 Orc Burrow
00:46 Barracks
01:36 Orc Burrow
01:53 Orc Burrow
03:13 Stronghold
03:38 War Mill
04:09 Voodoo Lounge
04:51 Orc Burrow
05:36 Fortress
05:50 Spirit Lodge
06:19 Orc Burrow
08:07 Tauren Totem
08:17 Tauren Totem
09:26 Orc Burrow
11:46 Great Hall
14:26 Great Hall
17:22 Orc Burrow
Undead.Only (
pink | 13 APM | 1246 actions | 96:50)
6 Dreadlord
2 Sleep
3 Vampiric Aura
1 Inferno
4 Crypt Lord
2 Carrion Beetles
2 Spiked Carapace
3 Death Knight
2 Unholy Aura
1 Death Coil
1 Paladin
1 Devotion Aura
» actions
| Assign group hotkey | 1 | |
| Basic commands | 38 | |
| Build / train | 59 | |
| Enter build submenu | 16 | |
| Enter hero's abilities submenu | 14 | |
| Give item / drop item | 9 | |
| Right click | 629 | |
| Select / deselect | 421 | |
| Use ability | 48 | |
1246 total
» units
| Acolyte | 7 | |
| Ghoul | 13 | |
| Crypt Fiend | 3 | |
23 total
» upgrades
| Unholy Strength | 3 | |
| Unholy Armor | 3 | |
| Ghoul Frenzy | 1 | |
| Web | 1 | |
| Creature Attack | 2 | |
| Creature Carapace | 1 | |
11 total
» buildings
| Altar of Darkness | 1 | |
| Ziggurat | 5 | |
| Crypt | 3 | |
| Graveyard | 1 | |
| Tomb of Relics | 1 | |
| Halls of the Dead | 1 | |
| Black Citadel | 1 | |
| Nerubian Tower | 1 | |
| Necropolis | 1 | |
15 total
» build order
00:12 Altar of Darkness
00:19 Ziggurat
00:47 Crypt
01:11 Crypt
01:31 Crypt
01:49 Graveyard
02:02 Tomb of Relics
02:44 Ziggurat
03:16 Ziggurat
03:45 Ziggurat
03:58 Ziggurat
04:46 Halls of the Dead
07:14 Black Citadel
10:39 Nerubian Tower
42:30 Necropolis
» items
| Scroll of Protection | 1 | |
| Potion of Lesser Invulnerability | 1 | |
| Scroll of Town Portal | 1 | |
| Orb of Corruption | 1 | |
| Potion of Healing | 1 | |
5 total

»
ragecage (
yellow | 28 APM | 856 actions | 31:05)
5 Death Knight
2 Death Coil
3 Unholy Aura
» actions
| Assign group hotkey | 14 | |
| Build / train | 55 | |
| Enter build submenu | 23 | |
| Enter hero's abilities submenu | 5 | |
| Remove unit from queue | 3 | |
| Right click | 314 | |
| Select / deselect | 222 | |
| Select group hotkey | 169 | |
| Use ability | 51 | |
856 total
» units
| Acolyte | 7 | |
| Ghoul | 4 | |
| Crypt Fiend | 10 | |
| Banshee | 9 | |
| Obsidian Statue | 5 | |
| Frost Wyrm | 2 | |
37 total
» upgrades
| Cannibalize | 0 | |
| Banshee Training | 2 | |
| Web | 1 | |
| Ghoul Frenzy | 1 | |
| Destroyer Form | 0 | |
4 total
» buildings
| Altar of Darkness | 1 | |
| Ziggurat | 9 | |
| Crypt | 2 | |
| Graveyard | 1 | |
| Halls of the Dead | 1 | |
| Spirit Tower | 3 | |
| Sacrificial Pit | 1 | |
| Temple of the Damned | 1 | |
| Black Citadel | 1 | |
| Slaughterhouse | 1 | |
| Boneyard | 1 | |
| Tomb of Relics | 1 | |
23 total
» build order
00:13 Altar of Darkness
00:16 Ziggurat
00:26 Crypt
01:23 Graveyard
01:44 Crypt
03:03 Ziggurat
03:09 Ziggurat
03:45 Halls of the Dead
05:15 Spirit Tower
06:20 Sacrificial Pit
06:43 Temple of the Damned
07:58 Black Citadel
08:36 Ziggurat
08:43 Ziggurat
08:50 Ziggurat
10:22 Spirit Tower
13:09 Ziggurat
14:35 Slaughterhouse
14:42 Boneyard
15:46 Spirit Tower
16:12 Tomb of Relics
19:10 Ziggurat
19:33 Ziggurat
team 2 (winner)
nowinsforyou (
teal | 26 APM | 1303 actions | 50:41)
5 Paladin
1 Holy Light
2 Devotion Aura
2 Divine Shield
» actions
| Basic commands | 76 | |
| Build / train | 95 | |
| Enter build submenu | 46 | |
| Enter hero's abilities submenu | 5 | |
| Give item / drop item | 3 | |
| Remove unit from queue | 2 | |
| Right click | 528 | |
| Select / deselect | 436 | |
| Use ability | 112 | |
1303 total
» units
| Peasant | 24 | |
| Footman | 4 | |
| Siege Engine | 13 | |
| Knight | 6 | |
47 total
» upgrades
| Gunpowder | 3 | |
| Armor | 0 | |
| Plating | 3 | |
| Lumber Harvesting | 2 | |
| Barrage | 1 | |
| Swords | 2 | |
| Masonry | 1 | |
12 total
» buildings
| Farm | 15 | |
| Altar of Kings | 1 | |
| Barracks | 1 | |
| Lumber Mill | 3 | |
| Blacksmith | 2 | |
| Keep | 2 | |
| Arcane Vault | 1 | |
| Castle | 1 | |
| Workshop | 2 | |
| Town Hall | 2 | |
| Scout Tower | 16 | |
| Guard Tower | 15 | |
61 total
» build order
00:10 Farm
00:12 Altar of Kings
00:52 Barracks
00:58 Lumber Mill
01:23 Farm
02:05 Farm
02:16 Blacksmith
02:42 Farm
03:27 Keep
03:34 Farm
05:06 Arcane Vault
05:59 Castle
06:05 Workshop
06:12 Workshop
07:20 Farm
07:24 Farm
09:00 Farm
09:03 Farm
09:18 Town Hall
10:29 Farm
11:23 Farm
14:35 Scout Tower
18:36 Guard Tower
18:37 Scout Tower
19:05 Scout Tower
19:06 Guard Tower
19:31 Scout Tower
19:33 Guard Tower
20:06 Guard Tower
20:08 Scout Tower
22:33 Guard Tower
22:37 Farm
22:39 Scout Tower
23:55 Guard Tower
23:58 Farm
27:55 Town Hall
30:17 Lumber Mill
30:50 Scout Tower
31:42 Scout Tower
32:10 Scout Tower
32:12 Guard Tower
32:14 Keep
32:51 Guard Tower
32:54 Scout Tower
33:04 Guard Tower
33:05 Scout Tower
33:31 Guard Tower
33:33 Scout Tower
33:36 Guard Tower
34:13 Scout Tower
34:41 Guard Tower
34:42 Scout Tower
34:46 Scout Tower
34:58 Guard Tower
34:59 Scout Tower
35:13 Guard Tower
35:52 Guard Tower
35:56 Blacksmith
37:42 Farm
38:23 Farm
39:30 Lumber Mill
» items
| Periapt of Vitality | 2 | |
| Orb of Fire | 1 | |
| Scroll of Town Portal | 5 | |
| Tiny Great Hall | 1 | |
| Potion of Lesser Invulnerability | 1 | |
10 total

»
thriller09 (
red | 12 APM | 1148 actions | 96:50)
5 Death Knight
2 Death Coil
2 Unholy Aura
1 Death Pact
2 Goblin Alchemist
1 Healing Spray
1 Acid Bomb
» actions
| Assign group hotkey | 16 | |
| Build / train | 70 | |
| Enter build submenu | 23 | |
| Enter hero's abilities submenu | 7 | |
| Give item / drop item | 8 | |
| Remove unit from queue | 1 | |
| Right click | 479 | |
| Select / deselect | 326 | |
| Select group hotkey | 123 | |
| Use ability | 95 | |
1148 total
» units
| Acolyte | 9 | |
| Ghoul | 6 | |
| Crypt Fiend | 12 | |
| Obsidian Statue | 2 | |
| Frost Wyrm | 3 | |
| Goblin Zeppelin | 1 | |
33 total
» upgrades
| Web | 1 | |
| Creature Attack | 3 | |
| Creature Carapace | 3 | |
7 total
» buildings
| Ziggurat | 12 | |
| Crypt | 2 | |
| Altar of Darkness | 1 | |
| Graveyard | 1 | |
| Halls of the Dead | 1 | |
| Tomb of Relics | 1 | |
| Necropolis | 1 | |
| Black Citadel | 1 | |
| Nerubian Tower | 2 | |
| Slaughterhouse | 1 | |
| Spirit Tower | 4 | |
| Sacrificial Pit | 1 | |
| Boneyard | 1 | |
29 total
» build order
00:09 Ziggurat
00:13 Crypt
00:40 Altar of Darkness
01:12 Crypt
01:34 Ziggurat
01:53 Graveyard
03:26 Halls of the Dead
04:00 Ziggurat
04:02 Tomb of Relics
05:57 Necropolis
06:00 Black Citadel
07:21 Ziggurat
07:27 Ziggurat
08:16 Nerubian Tower
08:19 Ziggurat
08:22 Nerubian Tower
08:31 Ziggurat
09:05 Ziggurat
09:12 Slaughterhouse
09:21 Spirit Tower
09:33 Spirit Tower
09:42 Sacrificial Pit
10:34 Spirit Tower
10:47 Ziggurat
13:10 Boneyard
17:56 Spirit Tower
20:09 Ziggurat
20:11 Ziggurat
20:17 Ziggurat
» items
| Potion of Lesser Invulnerability | 2 | |
| Scroll of Healing | 3 | |
| Scroll of Town Portal | 5 | |
| Potion of Healing | 2 | |
12 total
HelloHello (
orange | 51 APM | 4980 actions | 96:51)
10 Blademaster
3 Wind Walk
3 Critical Strike
1 Bladestorm
3 Mirror Image
» actions
| Assign group hotkey | 117 | |
| Basic commands | 303 | |
| Build / train | 101 | |
| Enter build submenu | 81 | |
| Enter hero's abilities submenu | 11 | |
| Give item / drop item | 15 | |
| Remove unit from queue | 9 | |
| Right click | 2123 | |
| Select / deselect | 788 | |
| Select group hotkey | 1047 | |
| Use ability | 354 | |
4980 total
» units
| Peon | 10 | |
| Grunt | 4 | |
| Goblin Shredder | 5 | |
| Troll Batrider | 15 | |
| Wind Rider | 5 | |
| Goblin Sapper | 1 | |
40 total
» upgrades
| Ranged Weapons | 3 | |
| Troll Regeneration | 1 | |
| Liquid Fire | 1 | |
| Armor | 3 | |
| Reinforced Defenses | 1 | |
| Envenomed Spears | 1 | |
| Spiked Barricades | 3 | |
| War Drums Damage Increase | 1 | |
14 total
» buildings
| Orc Burrow | 6 | |
| Altar of Storms | 1 | |
| Barracks | 1 | |
| Voodoo Lounge | 1 | |
| Stronghold | 1 | |
| War Mill | 2 | |
| Great Hall | 9 | |
| Beastiary | 4 | |
| Watch Tower | 61 | |
| Fortress | 1 | |
87 total
» build order
00:19 Orc Burrow
00:42 Altar of Storms
00:55 Barracks
01:21 Orc Burrow
01:59 Voodoo Lounge
02:56 Stronghold
04:24 War Mill
04:48 Great Hall
04:55 Orc Burrow
05:20 Orc Burrow
05:36 Beastiary
05:55 Beastiary
07:09 Watch Tower
08:42 Fortress
08:46 Watch Tower
08:49 Watch Tower
08:57 Watch Tower
08:59 Watch Tower
09:19 Watch Tower
11:12 Watch Tower
11:13 Watch Tower
11:15 Watch Tower
11:19 Watch Tower
14:33 Beastiary
14:33 Beastiary
15:20 War Mill
15:37 Watch Tower
15:38 Watch Tower
20:26 Watch Tower
20:27 Watch Tower
20:27 Watch Tower
20:27 Watch Tower
20:30 Watch Tower
20:30 Watch Tower
20:31 Watch Tower
20:31 Watch Tower
22:16 Watch Tower
22:16 Watch Tower
22:17 Watch Tower
22:51 Watch Tower
22:52 Watch Tower
22:53 Watch Tower
23:15 Orc Burrow
23:16 Orc Burrow
24:08 Great Hall
24:11 Watch Tower
24:12 Watch Tower
24:12 Watch Tower
26:32 Watch Tower
26:32 Watch Tower
26:32 Watch Tower
26:53 Great Hall
26:57 Great Hall
27:04 Great Hall
27:08 Great Hall
27:10 Watch Tower
27:11 Watch Tower
27:50 Great Hall
35:39 Watch Tower
35:41 Watch Tower
35:41 Watch Tower
35:41 Watch Tower
35:43 Watch Tower
35:44 Watch Tower
35:45 Watch Tower
35:47 Watch Tower
35:47 Watch Tower
35:47 Watch Tower
35:48 Watch Tower
37:45 Watch Tower
37:45 Watch Tower
37:46 Watch Tower
37:46 Watch Tower
37:47 Watch Tower
37:49 Watch Tower
37:49 Watch Tower
45:29 Watch Tower
45:29 Watch Tower
45:29 Watch Tower
45:35 Watch Tower
52:42 Great Hall
54:06 Watch Tower
54:07 Watch Tower
54:07 Watch Tower
54:08 Watch Tower
58:22 Great Hall
» items
| Healing Salve | 6 | |
| Boots of Speed | 1 | |
| Lesser Clarity Potion | 2 | |
| Potion of Healing | 6 | |
| Periapt of Vitality | 1 | |
| Scroll of Regeneration | 1 | |
| Potion of Mana | 1 | |
| Scroll of Healing | 1 | |
| Orb of Corruption | 1 | |
| Scroll of Town Portal | 3 | |
| Staff of Teleportation | 1 | |
24 total
13elloNa (
green | 12 APM | 1159 actions | 96:50)
6 Shadow Hunter
3 Healing Wave
2 Hex
1 Big Bad Voodoo
5 Tauren Chieftain
3 Endurance Aura
2 War Stomp
» actions
| Basic commands | 13 | |
| Build / train | 86 | |
| Enter build submenu | 21 | |
| Enter hero's abilities submenu | 11 | |
| Give item / drop item | 9 | |
| Right click | 560 | |
| Select / deselect | 340 | |
| Use ability | 119 | |
1159 total
» units
| Peon | 16 | |
| Grunt | 6 | |
| Tauren | 16 | |
| Shaman | 5 | |
43 total
» upgrades
| Armor | 3 | |
| Berserker Strength | 1 | |
| Melee Weapons | 3 | |
| Pulverize | 1 | |
| Shaman Training | 2 | |
10 total
» buildings
| Altar of Storms | 1 | |
| Orc Burrow | 10 | |
| Stronghold | 1 | |
| War Mill | 1 | |
| Barracks | 1 | |
| Voodoo Lounge | 1 | |
| Fortress | 1 | |
| Tauren Totem | 2 | |
| Great Hall | 1 | |
| Spirit Lodge | 1 | |
20 total
» build order
00:07 Altar of Storms
00:09 Orc Burrow
02:25 Stronghold
02:32 War Mill
02:38 Barracks
02:44 Orc Burrow
02:51 Voodoo Lounge
04:49 Fortress
05:02 Orc Burrow
09:03 Tauren Totem
09:09 Tauren Totem
10:05 Orc Burrow
10:21 Great Hall
12:01 Orc Burrow
12:49 Orc Burrow
13:19 Spirit Lodge
13:59 Orc Burrow
30:21 Orc Burrow
30:25 Orc Burrow
30:32 Orc Burrow
» items
| Potion of Healing | 7 | |
| Potion of Mana | 5 | |
| Potion of Lesser Invulnerability | 2 | |
| Orb of Lightning | 1 | |
| Scroll of Town Portal | 1 | |
| Lesser Clarity Potion | 1 | |
| Healing Salve | 1 | |
18 total
Chat log
(00:23 / Allies) thriller09: fiend stat frost
(00:25 / Allies) HelloHello: everyone spam rally
(00:28 / Allies) thriller09: creep mines toghether
(00:29 / All) HelloHello: so we can have high APMs
(00:55 / All) thriller09: and here i go again on my own
(01:02 / All) thriller09: going down the only road i've ever known
(01:09 / All) thriller09: like a twister i was born to walk alone
(02:11 / Allies) thriller09: your mine teall
(02:13 / Allies) nowinsforyou: k
(02:26 / Allies) thriller09: i bring hero and 2 ghouls to creep with you
(02:35 / Allies) nowinsforyou: k
(02:41 / Allies) HelloHello: You're a veritable sweetheart
(04:07 / Allies) 13elloNa: ojwhat u making?
(04:11 / Allies) HelloHello: bats
(04:23 / Allies) 13elloNa: forfrostortown?
(04:29 / Allies) HelloHello: what
(04:38 / Allies) 13elloNa: to killtowns orfrost?
(04:44 / Allies) HelloHello: I guess so
(05:09 / Allies) HelloHello: I want this shreddar
(09:26 / Allies) 13elloNa: meet soon?
(09:36 / Allies) nowinsforyou: 3 minutes
(10:14 / Allies) nowinsforyou: lol oj
(12:33 / Allies) nowinsforyou: im rdy if u guys r
(13:26 / Allies) 13elloNa: ya lets hit b4 they do
(13:51 / Allies) nowinsforyou: lmao oj
(13:55 / Allies) nowinsforyou: he has no air units
(14:23 / Allies) 13elloNa: all meet
(14:37 / All) HelloHello: cool gyros
(14:54 / Allies) nowinsforyou: u guys hit bottom
(14:58 / Allies) nowinsforyou: when they come to help i tank top
(15:14 / Allies) thriller09: first
(15:18 / Allies) 13elloNa: wait for all
(15:22 / Allies) 13elloNa: they will come
(16:08 / Allies) 13elloNa: comwe guys
(16:10 / Allies) 13elloNa: come teal
(16:15 / Allies) nowinsforyou: they have no air
(16:26 / Allies) nowinsforyou: im gonna hit blue before he morts our bases
(16:48 / Allies) HelloHello: just charge it
(17:15 / Allies) HelloHello: how lucky teal lalw
(18:59 / Allies) 13elloNa: um teal?
(19:08 / Allies) nowinsforyou: sup
(20:18 / Allies) 13elloNa: get ready to port
(21:33 / Allies) 13elloNa: gj teal
(22:02 / Allies) thriller09: wtf??
(22:16 / All) 13elloNa: oj and tealon your team?
(22:54 / Allies) 13elloNa: u2 suck ass
(23:00 / Allies) HelloHello: you aren't good
(23:16 / Allies) 13elloNa: u are bad
(23:28 / Allies) HelloHello: I've done more than you
(23:41 / Allies) HelloHello: also game ain't even close
(23:44 / Allies) HelloHello: they have no gold moron
(23:52 / Allies) 13elloNa: ya just 10000 units
(23:57 / Allies) thriller09: hes right
(23:58 / Allies) HelloHello: no
(23:58 / Allies) thriller09: we've won
(23:59 / Allies) HelloHello: they're dead
(24:10 / Allies) thriller09: thats leet shit
(24:21 / Allies) thriller09: tower bases
(24:25 / Allies) thriller09: and we win
(24:34 / Allies) thriller09: need to kill morters though
(24:36 / Allies) HelloHello: green that's why you're less than 50%
(24:59 / Allies) HelloHello: watch
(25:03 / Allies) HelloHello: level 5 farseer gonna die
(25:11 / Allies) thriller09: tp green
(25:16 / Allies) thriller09: wtf ger atp
(25:29 / Allies) thriller09: use shreeder
(25:53 / Allies) thriller09: kill morters and we win
(26:35 / All) 13elloNa: die
(27:59 / All) thriller09: you need a dollar, dollar, dollar thats what you need hey hey
(28:20 / Allies) thriller09: tp out
(28:25 / Allies) nowinsforyou: get his morts
(28:38 / Allies) thriller09: get tp
(30:19 / Specific player) HelloHello: teal expo south
(30:20 / Specific player) HelloHello: our side
(30:26 / Allies) thriller09: watch this leetness
(31:08 / All) nowinsforyou: gg
(31:10 / 7) HelloHello: stay
(31:10 / 7) HelloHello: stay
(31:11 / 7) HelloHello: stay
(31:11 / 7) HelloHello: stay
(31:12 / All) nowinsforyou: FUCK U GREEN
(31:12 / 7) HelloHello: stay
(31:13 / 7) HelloHello: stay
(31:14 / All) 13elloNa: sorry red
(31:14 / 7) HelloHello: stay
(31:14 / 7) HelloHello: stay
(31:17 / 7) HelloHello: I am Bsing
(31:17 / All) 13elloNa: team was dumb
(31:20 / All) Undead.Only: yeah pretty fn lame
(31:21 / 7) HelloHello: teal expo south our side
(31:22 / All) 13elloNa: and tried to help u
(31:24 / Allies) thriller09: hehe
(31:27 / All) 13elloNa: but nobody came
(31:32 / 7) HelloHello: stay you will win
(31:32 / All) nowinsforyou: i came u nigger
(31:36 / Allies) thriller09: we would have finished it earlier
(31:44 / All) 13elloNa: teal said he came?
(31:59 / All) nowinsforyou: how was i supposed to know they would all mass crypt fiends
(32:27 / All) HelloHello: nice stomp noob
(32:28 / Allies) nowinsforyou: lol u cant stomp ur teammate
(32:41 / All) 13elloNa: free win for noob oj
(32:50 / 7) HelloHello: hit the south expansion of teal, very bottom our side
(32:55 / 7) HelloHello: also he has one in purple's old base
(33:50 / Allies) 13elloNa: watch we lose now
(33:54 / Allies) nowinsforyou: lol
(33:55 / 7) HelloHello: don't hit me yet
(33:57 / Allies) 13elloNa: no free win for noob oj
(34:07 / Allies) nowinsforyou: unlike u he has expos
(34:12 / 7) HelloHello: I'll have to defend if you hit me
(34:14 / 7) HelloHello: but don't leave
(34:15 / Allies) 13elloNa: ya i had 2
(34:17 / Allies) 13elloNa: till he tk
(34:31 / Allies) HelloHello: no you didn't
(34:42 / 7) HelloHello: hit his expansion bottom our side
(34:45 / 7) HelloHello: or purple's old base
(34:46 / Allies) 13elloNa: all u did was kill a expo
(34:48 / Allies) 13elloNa: all game
(34:58 / Allies) HelloHello: and we won because of it lawl
(34:59 / Allies) 13elloNa: teal and i actually tried to save red
(35:08 / Allies) 13elloNa: whil;e u were suckin dickhere
(35:09 / Allies) nowinsforyou: he also got purps main
(35:14 / Allies) HelloHello: watch replay my bladestorm took out like half their forces
(35:22 / Allies) 13elloNa: wow he tookmain?
(35:26 / Allies) HelloHello: so?
(35:28 / Allies) 13elloNa: they took red totally out of game
(35:34 / Allies) HelloHello: They have no way to rebuild
(35:41 / Allies) nowinsforyou: oj ill heal u
(35:45 / Allies) nowinsforyou: lets take out his main
(35:51 / Allies) thriller09: ud can sell buulding make acos and exp
(36:05 / Allies) 13elloNa: red u have 1 unit lol
(36:29 / Allies) 13elloNa: 2 gold mines
(36:31 / 7) HelloHello: purple's old base
(36:34 / 7) HelloHello: he has 5 towers now
(36:34 / Allies) 13elloNa: and thats all noob oj has
(36:38 / 7) HelloHello: no units but his pally
(37:07 / All) 13elloNa: care teal level 4
(37:30 / All) 13elloNa: hes 5
(37:32 / All) 13elloNa: we win
(37:33 / Allies) HelloHello: Level 5 thank you very much!
(37:39 / 7) HelloHello: purple's old base
(37:48 / Allies) thriller09: watch this leet shit
(37:57 / Allies) 13elloNa: k
(38:09 / Allies) nowinsforyou: gj
(38:09 / All) 13elloNa: nice
(38:21 / Allies) 13elloNa: teal go there
(38:23 / 7) HelloHello: the top inside base of your ally
(38:26 / 7) HelloHello: wher eit used to be
(38:29 / Allies) 13elloNa: nm
(38:32 / Allies) 13elloNa: they comin to u
(38:40 / All) HelloHello: Alright
(38:48 / All) HelloHello: What I am going to do is leave both teams without units
(38:50 / All) HelloHello: and no way to make them
(38:52 / All) HelloHello: a stalemate
(38:59 / All) HelloHello: then I'm leaving
(39:10 / All) 13elloNa: well u tkedme
(39:31 / Allies) 13elloNa: nice
(39:35 / Allies) 13elloNa: no more hero for pink
(39:43 / All) HelloHello: So each side has equal chance at victory
(40:03 / Allies) 13elloNa: red 1 unit
(40:18 / Allies) 13elloNa: owns
(40:47 / Allies) 13elloNa: lol red
(41:08 / All) 13elloNa: nooo
(41:24 / Allies) thriller09: damn that fiend was a workhorse
(41:57 / Allies) 13elloNa: i see
(42:05 / Allies) 13elloNa: hes trying to kill all webbers
(42:13 / Allies) 13elloNa: then use air
(42:33 / Allies) nowinsforyou: up at 4am
(42:40 / Allies) nowinsforyou: i obviously have no time to waste
(42:40 / Allies) 13elloNa: teal
(42:41 / Allies) nowinsforyou: end pls
(42:44 / Allies) 13elloNa: take something out
(43:09 / Allies) 13elloNa: sux red lost hislast unit
(43:11 / Allies) nowinsforyou: yea i needa puff my stats
(43:23 / Allies) 13elloNa: teal u need gold?
(43:29 / Allies) 13elloNa: can u do anything with it?
(43:34 / Allies) nowinsforyou: 4.7k
(44:10 / Allies) 13elloNa: nice it willjust finish
(44:12 / 7) HelloHello: the only thing you need to kill on our side is paladin
(44:14 / Allies) 13elloNa: when oj uses ult
(44:16 / 7) HelloHello: then I will kill both teams and leave
(44:17 / Allies) 13elloNa: heal himteal
(44:31 / Allies) nowinsforyou: he wants to do this on his own
(44:33 / Allies) nowinsforyou: so ill let him
(44:49 / Allies) thriller09: kill aco
(44:50 / Allies) 13elloNa: no way he made a necro on a gold mine thathas 1400
(44:51 / Allies) thriller09: i will reveal
(45:33 / Allies) 13elloNa: take out
(45:40 / Allies) 13elloNa: wyrms
(45:45 / Allies) 13elloNa: then u can use your air
(45:54 / Allies) 13elloNa: i mean fiends
(46:08 / Allies) 13elloNa: now u can useair
(46:09 / All) nowinsforyou: pink can u please leave
(46:12 / Allies) 13elloNa: nm
(46:13 / All) nowinsforyou: u cant win
(46:13 / Allies) 13elloNa: 2 left
(46:21 / All) 13elloNa: its fun
(46:24 / All) 13elloNa: to watch
(46:31 / All) HelloHello: Yes he can win
(46:36 / Allies) 13elloNa: teal take out more buildings
(46:56 / Allies) 13elloNa: spin
(46:57 / Allies) 13elloNa: useult
(47:23 / Allies) nowinsforyou: dick
(47:24 / Allies) 13elloNa: thas lame
(47:26 / Allies) 13elloNa: tking him
(47:27 / All) HelloHello: :)
(48:00 / Allies) 13elloNa: what a fag
(48:08 / Allies) 13elloNa: just end the game virgin fuck
(48:51 / Allies) 13elloNa: guessojhas nolife
(49:09 / All) thriller09: im leaving my pc on all night, i hope the game finishes by the morning
(49:31 / Allies) 13elloNa: wow
(49:48 / Allies) 13elloNa: worstspin ever
(49:51 / Allies) 13elloNa: what a noob
(50:14 / All) HelloHello: I will kill my stuff too
(50:31 / Allies) nowinsforyou: im bored
(50:34 / Allies) nowinsforyou: and this is just a video game
(50:36 / Allies) nowinsforyou: gg
(50:38 / Allies) nowinsforyou: have fun
(53:28 / All) Undead.Only: if you kill all my stuff i lose :/
(53:37 / All) HelloHello: no you won't
(53:41 / All) HelloHello: because I am going to kill my stuff too
(53:52 / All) HelloHello: my team will not be able to make units
(53:59 / All) thriller09: lol
(54:03 / All) thriller09: he;s that crazy
(54:06 / All) 13elloNa: like we can anyways?
(54:19 / All) HelloHello: What do you mean green?
(55:30 / All) thriller09: he's killing his base now
(55:57 / All) thriller09: oj wtf are you doing
(56:06 / All) 13elloNa: he has no life
(56:14 / All) HelloHello: lol
(56:18 / All) HelloHello: speak for yourself
(56:19 / All) HelloHello: sir
(56:22 / All) thriller09: i hope you lag out bitch
(56:24 / All) 13elloNa: next time fag
(56:30 / All) 13elloNa: help put teamates like red
(56:59 / All) 13elloNa: i had 15 tauren 4 grunts 2 heros and 5 shaman to defend red and we got raped
(57:12 / All) 13elloNa: cause u were spening a hour killing a expo
(57:25 / Allies) thriller09: yeah i had shitloads of units, and they didnt have much of an army
(57:39 / Allies) 13elloNa: well i tried my hardest to save u
(57:45 / All) Undead.Only: leave him alone hes all i have
(57:47 / Allies) 13elloNa: and teal went only tanks like a fucking noob
(57:57 / Allies) 13elloNa: then fight
(58:03 / All) 13elloNa: then fight
(58:25 / All) Undead.Only: NOOOOOOOOOOOOOOOOOOOOOOOOO
(58:34 / All) HelloHello: where are the rest of your units
(58:35 / All) thriller09: leave pink
(58:45 / All) Undead.Only: I JUST DIED A LITTLE INSIDE
(58:47 / All) 13elloNa: pink just leave
(58:49 / All) HelloHello: I can kill all my stuff after they die
(58:57 / All) Undead.Only: there all dead
(59:01 / All) 13elloNa: pink just leave so i can rape oj next game
(59:02 / All) Undead.Only: thats it
(59:09 / All) 13elloNa: cause he sux ass
(59:16 / All) 13elloNa: red and i carried
(59:17 / All) HelloHello: Hehe
(59:24 / All) HelloHello: what do you think, pink?
(59:34 / All) HelloHello: Did green carry me?
(59:38 / All) Undead.Only: FUCK HIM
(59:42 / All) 13elloNa: he thinks u are a stupidvirgin
(59:54 / All) 13elloNa: did u do anything to help red and I?
(59:55 / All) 13elloNa: no
(60:11 / All) 13elloNa: u went for top expo all game
(60:12 / All) HelloHello: I did whatever I wanted to do.
(60:14 / All) Undead.Only: what does it matter he beat all of us really
(60:15 / All) 13elloNa: with pussy bats
(60:23 / All) 13elloNa: when red and I battled 4
(60:37 / All) Undead.Only: he won 1vs7
(60:37 / All) 13elloNa: u and teal were suckin eachother off at top expo
(60:53 / All) 13elloNa: red u playing again?
(61:03 / All) 13elloNa: lets 2v2 these noobs
(61:21 / All) HelloHello: how do you play 2000 games and still be so clueless?
(61:40 / Allies) 13elloNa: k red whipser me gn
(61:42 / All) thriller09: who is lamer? OJ for doing this or pink for staying?
(61:45 / Allies) 13elloNa: illlog ontoother comp
(61:53 / All) HelloHello: or you?
(62:01 / Allies) 13elloNa: i think they are gonna fuck to tell u truth
(62:04 / All) Undead.Only: oh ill probly dc eventually
(62:16 / All) Undead.Only: not the greatest connection
(62:19 / All) thriller09: i dont think oj will let you win
(62:23 / All) 13elloNa: they are like lets meet atmid fountain and fuck
(62:24 / Allies) thriller09: he will want us to leave
(62:29 / All) thriller09: he will want us to leave
(62:30 / All) HelloHello: I want a standoff
(62:33 / All) thriller09: then he will kill you
(62:34 / 7) HelloHello: your c onnection is bad?
(62:34 / Allies) 13elloNa: ya im loggin ontoother comp
(62:35 / Allies) 13elloNa: idc
(62:45 / Allies) 13elloNa: stand off with what dumbass
(62:48 / All) HelloHello: I like to do Mexican Standoffs
(62:50 / Allies) 13elloNa: hes dead
(62:54 / All) HelloHello: Hehe
(63:02 / Allies) 13elloNa: wow u really are dumb
(63:05 / Allies) 13elloNa: go to bed
(63:09 / All) HelloHello: look up mexican standoff
(63:10 / Allies) 13elloNa: b4 mommy grounds u
(63:20 / 7) HelloHello: I'm just going to let you win
(63:35 / Allies) 13elloNa: k red loggin onto other comp
(63:35 / All) thriller09: I'm 65 years old with a heart condition have some compassion
(63:59 / All) HelloHello: I'm just going to let pink win since he's on wireless
(64:17 / All) HelloHello: Plus he was a good sport in staying
(64:20 / Allies) 13elloNa: ya cause u suck anyways
(64:23 / All) thriller09: hahahha
(64:31 / All) thriller09: pink
(64:40 / Allies) 13elloNa: pretty much the pussiest thing ever
(64:43 / Allies) 13elloNa: bats with bm
(64:43 / All) thriller09: sportsman of the year
(64:49 / All) Undead.Only: ha
(64:56 / All) 13elloNa: lets 2v2
(65:03 / All) 13elloNa: red and i vs u2 noob fucks
(65:37 / All) 13elloNa: red ill whisper u gn
(65:50 / All) 13elloNa: im doen watching these 2 noobs
(66:04 / All) HelloHello: Pink is going to win because he is not a faggot like you are
(66:08 / All) HelloHello: and he has bad connection
(66:18 / All) 13elloNa: ok asian virgin chink
(66:21 / All) HelloHello: I think this mexican standoff could have broken records otherwise
(66:36 / All) HelloHello: I am a White man, thank you very much
(66:41 / All) HelloHello: You rowdy nigger
(66:50 / All) HelloHello: Uppity pickininny
(66:52 / All) 13elloNa: no girls
(67:00 / All) HelloHello: Why are you still here, sir?
(67:09 / All) 13elloNa: im not
(67:12 / All) HelloHello: That so?
(67:17 / All) HelloHello: You had me fooled
(67:22 / All) 13elloNa: in another game
(67:25 / All) HelloHello: I see
(68:35 / All) HelloHello: Any last words red and green?
(68:41 / All) HelloHello: What do you have to say for yourselves?
(69:48 / All) HelloHello: Green thought we had lost it earlier
(69:55 / All) HelloHello: I mean, we did lose but not for the reason he thought we would lose
(70:06 / All) Undead.Only: yeah
(70:10 / All) HelloHello: without realizing that you guys had no expansions or gold
(70:15 / All) HelloHello: and I have like 10k or something
(70:16 / All) Undead.Only: i hate building battles
(70:24 / All) HelloHello: perfectly intact base
(70:26 / All) Undead.Only: team wouldnt tp back to fight tho
(70:28 / All) HelloHello: towers towers towers
(70:30 / All) HelloHello: and highest level hero
(70:53 / All) HelloHello: this lumber mill has 22 hps
(71:20 / All) thriller09: dont do it
(71:24 / All) thriller09: dont do it man
(71:26 / All) HelloHello: Don't do what?
(71:30 / All) thriller09: we old school homies
(71:31 / All) Undead.Only: lol
(71:38 / All) thriller09: am i my brothers keeper?
(71:56 / All) thriller09: i earned this victory
(71:57 / All) HelloHello: what should I do red?
(72:01 / All) HelloHello: How so?
(72:21 / All) thriller09: without your bats, we would have lost
(72:29 / All) thriller09: the bats weakened them
(72:37 / All) HelloHello: Indeed, smart man you are
(72:50 / 7) HelloHello: it has 4 hps
(72:55 / 7) HelloHello: moved everything but a peon away
(73:01 / 7) HelloHello: it will take one hit to kill it then you win
(73:12 / All) HelloHello: what do you think of green, red?
(73:44 / 7) HelloHello: I'm teasing red
(73:53 / Allies) thriller09: he's quite good just like yoi
(74:05 / All) HelloHello: That's a lie sir
(74:07 / All) HelloHello: a damned one
(74:12 / All) HelloHello: He is terrible
(75:05 / All) HelloHello: What do you estimate green's IQ to be?
(75:17 / All) Undead.Only: ha
(75:28 / All) HelloHello: He's played 2000 games and can't tell who is winning
(75:34 / All) HelloHello: or learn how to expand properly
(75:39 / All) HelloHello: He has to be a little special
(76:18 / All) HelloHello: Red?
(76:52 / 7) HelloHello: if he doesn't answer in about 1 minute
(76:54 / 7) HelloHello: I will just end game
(77:08 / 7) HelloHello: I'm aware
(77:11 / All) thriller09: is pink still here
(77:14 / All) HelloHello: Yes
(77:19 / All) HelloHello: Red what do you think Green's IQ is?
(77:45 / All) thriller09: he's doing a masters in physics
(77:53 / All) thriller09: we both go to ucla
(78:01 / All) HelloHello: You believe that?
(78:20 / All) Undead.Only: me?
(78:21 / All) HelloHello: How is it that he can play this game 2,000 times
(78:22 / All) thriller09: thats what his diploma says, maybe he printed it from the internet
(78:29 / All) HelloHello: yet still can't learn how to assess who is winning?
(78:33 / All) HelloHello: or learn how to expand properly?
(79:44 / All) Undead.Only: O.o
(79:47 / All) thriller09: even hitler wasn't this ruthless
(80:10 / All) HelloHello: You have no idea.
(80:21 / Allies) thriller09: i see peons
(80:34 / All) thriller09: but i dont see a attacking
(81:19 / All) Undead.Only: okay okay
(81:20 / All) HelloHello: Red did you have fun?
(81:21 / All) thriller09: we all need a break sometimes
(81:27 / 7) HelloHello: I'm gonna chat with him a bit
(81:38 / 7) HelloHello: then attack it, and as I do so attack our last building
(81:42 / 7) HelloHello: which needs one more peon strike
(81:46 / 7) HelloHello: and you will win
(82:10 / All) HelloHello: Read any good books lately, reD?
(82:22 / All) thriller09: books aint my thing
(82:27 / All) thriller09: even though i go to UCLA
(82:51 / All) HelloHello: I think you guys go to a community college to be perfectly candid with you
(83:33 / All) HelloHello: I'm sure green has a very snazzy sense of fashion, and amples amount of "game"
(83:57 / All) thriller09: green that is
(83:57 / All) HelloHello: Does green wear dragon button shirts
(83:59 / All) HelloHello: with flames on it
(84:13 / All) Undead.Only: lol
(85:23 / All) HelloHello: They're doing a rain dance
(85:24 / All) thriller09: thats some demonic shit right there
(85:55 / All) thriller09: you ever seen the movie the omen?
(86:02 / All) HelloHello: Sure have
(86:06 / All) HelloHello: I love the score from it
(86:11 / All) HelloHello: ave santani
(86:17 / All) thriller09: haha
(86:55 / All) thriller09: i thought someone as cool as you would take it down to 4 hp
(87:07 / All) HelloHello: nay sir
(87:42 / All) Undead.Only: hahahaha
(87:52 / All) thriller09: bellona keeps whispering and telling me that "you're such a fag and theres no way you'd let us win"
(88:03 / All) HelloHello: Clever girl
(88:08 / All) thriller09: the best revenge is to prove him wrong
(88:16 / All) HelloHello: Oh?
(88:51 / All) Undead.Only: greedisgoos
(88:55 / All) Undead.Only: greed is good
(89:16 / All) Undead.Only: there is not cow level
(89:26 / All) Undead.Only: -_-
(89:26 / All) HelloHello: How much gold does your team have pink
(89:40 / All) Undead.Only: yellow has 70
(89:55 / All) HelloHello: I have 18k right now
(90:06 / All) Undead.Only: and about 8k in wood combined
(90:23 / All) HelloHello: They have me bested there
(90:52 / All) thriller09: 13ellona already went to bed so
(91:12 / All) HelloHello: It's too bad pink is on wireless
(91:25 / All) HelloHello: This would be a record shattering Mexican Standoff
(91:29 / All) thriller09: why do you keep saying that
(91:34 / All) thriller09: how do you know?
(91:34 / Allies) 13elloNa: r ya they should just meet and hook up
(91:40 / All) HelloHello: Green will never leave
(91:56 / Allies) 13elloNa: i already won another game
(91:59 / All) HelloHello: Green wants this win
(92:04 / All) HelloHello: His desperation is palpable
(92:07 / Allies) 13elloNa: i really dont care
(92:12 / All) HelloHello: Alt qq then
(92:38 / Allies) 13elloNa: woops another game started see ya thriller
(92:47 / Allies) 13elloNa: seeu in class tomorrow
(92:58 / All) HelloHello: At "UCLA"
(93:00 / Allies) thriller09: seeya, dont forget the assignment
(93:09 / Allies) thriller09: on proton acceleration
(93:23 / Allies) 13elloNa: i will tell my twin sister to get your book back to u
(93:32 / Allies) thriller09: word
(93:33 / All) HelloHello: Is she hot
(93:36 / Allies) 13elloNa: she comes home 2morrow nite
(93:41 / Allies) 13elloNa: stfu virgin
(93:45 / All) HelloHello: Backdoor beauty?
(93:58 / All) HelloHello: Is she loose?
(93:59 / Allies) 13elloNa: she doesnt like noob virgins with no life
(93:59 / Allies) thriller09: c
(94:06 / All) thriller09: come on take it dowm more hp
(94:06 / All) HelloHello: I could pay her
(94:07 / Allies) 13elloNa: u are already taken by pink anyways
(94:23 / All) HelloHello: I can pay her 50 cents
(94:23 / Allies) 13elloNa: k goodnite thrill
(94:28 / All) HelloHello: my milk money
(94:33 / All) thriller09: do you still want change?
(94:40 / Allies) 13elloNa: last game then imdone
(94:48 / Allies) 13elloNa: randomed human
(94:49 / All) HelloHello: Green
(95:00 / All) HelloHello: How do you play 2000 games without understanding how to read a game?
(95:04 / All) HelloHello: or how to expand?
(95:22 / All) HelloHello: You must be incredibly dense
(95:43 / All) thriller09: i reckon in another life you two would have been best friends
(96:20 / All) thriller09: ok system tray, i will check up every hour
(96:29 / All) HelloHello: No need.
(96:40 / All) HelloHello: I am ending this game right now.
(96:44 / All) HelloHello: Good game, gentlemen.